 Dungeon Sprint DCSS version 0.29-a0-1033-gb6c65ffae6 (webtiles) character file.

Game seed: 8225461763859084706

1848 mhtbhm the Eclecticist (level 8, 0/42 HPs)
             Began as a Deep Elf Fire Elementalist on Aug 14, 2022.
             Was a Priest of Vehumet.
             Shot with a bolt by an orc knight (17 damage)
             ... in the Dungeon (Sprint III: "The Ten Rune Challenge").
             The game lasted 00:04:06 (1763 turns).

mhtbhm the Eclecticist (Deep Elf Fire Elementalist) Turns: 1763, Time: 00:04:06

Health: 0/42       AC:  3    Str:  5    XL:     8   Next: 88%
Magic:  26/30      EV: 15    Int: 23    God:    Vehumet [***...]
Gold:   28         SH:  0    Dex: 15    Spells: 26/39 levels left

rFire   . . .      SeeInvis .   o - +1 long sword (holy)
rCold   . . .      Faith    .   (no shield)
rNeg    . . .      Spirit   .   a - +0 robe
rPois   .          Reflect  .   h - +0 helmet
rElec   .          Harm     .   (no cloak)
rCorr   .          Rampage  .   (no gloves)
Will    .....      NoTele   +   (no boots)
Stlth   +++.......              (no amulet)
HPRegen 0.14/turn               (no ring)
MPRegen 0.22/turn               (no ring)

@: no status effects
A: no striking features
a: Renounce Religion


You were in the Dungeon.
You worshipped Vehumet.
Vehumet was most pleased with you.
You visited 1 branch You collected 28 gold pieces.

Inventory:

Hand Weapons
 o - a +1 long sword of holy wrath (weapon)
Armour
 a - a +0 robe (worn)
 h - a +0 helmet (worn)
Scrolls
 d - a scroll of poison {unknown}
 g - a scroll of blinking
 i - a scroll of fog {unknown}
 j - a scroll of torment {unknown}
 k - a scroll of identify {unknown}
Potions
 b - 3 potions of magic
 c - a potion of curing
 e - a potion of haste
 f - a potion of berserk rage
 l - 2 potions of flight
 m - 5 potions of mutation
 n - a potion of heal wounds
 p - a potion of might
Miscellaneous
 q - a piece from Xom's chessboard (15/15)


   Skills:
 + Level 0.6 Fighting
 + Level 7.2 Dodging
 + Level 4.8 Stealth
 + Level 16.0 Spellcasting
 + Level 6.9 Conjurations
 + Level 14.3 Fire Magic


You had 26 spell levels left.
You knew the following spells:

 Your Spells              Type           Power      Damage    Failure   Level
a - Foxfire               Conj/Fire      100%       2x1d9     1%          1
b - Scorch                Fire           100%       2d10      0%          2
c - Conjure Flame         Conj/Fire      61%        6-21      1%          3
d - Inner Flame           Hex/Fire       50%        N/A       1%          3
e - Flame Wave            Conj/Fire      61%        2d14      1%          4

Your spell library contained the following spells:

 Spells                   Type           Power      Damage    Failure   Level
 Mephitic Cloud           Conj/Pois/Air  29%        N/A       1%          3
 Dazzling Flash           Conj/Hex       68%        N/A       1%          3
 Starburst                Conj/Fire      30%        6d9       1%          6
 Iskenderun's Mystic Bla  Conj/Tloc      34%        2d8       2%          4
 Gell's Gravitas          Tloc           18%        N/A       9%          3
 Lesser Beckoning         Tloc           18%        N/A       9%          3
 Teleport Other           Tloc           18%        N/A       9%          3


Dungeon Overview and Level Annotations

Branches:
Dungeon (1/1)

Altars:
Cheibriados
Dithmenos
Elyvilon
Fedhas
Gozag
Hepliaklqana
Kikubaaqudgha
Makhleb
Nemelex Xobeh
Okawaru
Qazlal
Ru
Sif Muna
Trog
Uskayaw
Vehumet
Wu Jian
Xom
Yredelemnul
Zin
The Shining One
Jiyva
Lugonu


Message History

An orc wizard comes into view. It is wielding a +0 dagger.
You hear a shout! x3
Found 59 gold pieces.
Unknown command.
An orc sorcerer, an orc knight and 2 orcs come into view.
The orc knight shouts!
The orc shouts!
You hear a shout! x3; The orc shouts!
The orc sorcerer moves out of view.
You hear a shout!
The orc priest shouts!
You hear a shout!
An orc comes into view. It is wielding a +0 hand axe.
There is an open door to the Orcish Mines here.
Unknown command.
Casting: Flame Wave (safe; 1% risk of failure)
Confirm with . or Enter, or press ? or * to list all spells.
Casting: Flame Wave (safe; 1% risk of failure)
Press: ? - help, Dir - look around, f - activate A wave of flame ripples out! (Press . to intensify the flame waves.)
You hear a shout! x3
The orc knight unwields a +0 great sword.
The orc knight wields a +0 arbalest.
The orc knight shoots a bolt.
The bolt hits you!!
Ouch! That really hurt!
The orc priest miscasts a cantrip.
A wave of flame ripples out!
The flame wave engulfs the orc priest!
You kill the orc priest!
Vehumet accepts your kill.
Vehumet is now aiding your destructive spells.
You feel your power returning.
A wave of flame ripples out!
The flame wave engulfs the orc!
You kill the orc!
Vehumet accepts your kill.
The flame wave engulfs the orc!
You kill the orc!
Vehumet accepts your kill.
You feel your power returning.
The flame wave engulfs the orc knight.
The orc knight is lightly wounded.
Vehumet accepts your kill.
You feel a bit more experienced.
You finish channelling waves of flame.
The orc knight shoots a bolt.
The bolt hits you!
You die...

▓▓▓ ##.##############
##..#___#___#__#$#####
.#..#...#__)#._#..o.o
.#..###'#÷###)##$.oo
'#..#..÷.......#$)o
#...'.⌠........#)$
#...#...######'#)#
....#.⌠.#__#...#@#####
....#...#__#...#.§§~~+
....#)###__#...#.#§~§#
....#...#__#...'.#...#
....#___#__'...#.#...#
▓▓▓▓▓▓▓▓▓▓▓▓▓▓▓▓▓▓▓▓▓▓


You could see an orc knight, an orc sorcerer, an orc priest, an orc wizard and
an orc.

Vanquished Creatures
  Josephine (D)
  A deep elf pyromancer (D)
  A shadow (D)
  A spatial vortex (D)
  A necrophage (D)
  A water elemental (D)
  An orc priest (D)
  A jelly (D)
  A wizard (D)
  A necromancer (D)
  3 humans (D)
  A kobold demonologist (D)
  A wolf (D)
  3 orcs (D)
  An endoplasm (D)
  3 rats (D)
22 creatures vanquished.

Vanquished Creatures (others)
  43 foxfires (D)
43 creatures vanquished.

Grand Total: 65 creatures vanquished

Notes
Turn   | Place    | Note
-------+----------+-------------------------------------------
     0 | D        | mhtbhm the Deep Elf Fire Elementalist began the quest for
                  | the Orb.
     0 | D        | Reached XP level 1. HP: 10/10 MP: 6/6
   204 | D        | Noticed a wolf
   231 | D        | Reached skill level 4 in Spellcasting
   231 | D        | Reached skill level 5 in Fire Magic
   231 | D        | Reached XP level 2. HP: 2/15 MP: 0/9
   458 | D        | Learned a level 2 spell: Scorch
   490 | D        | Reached skill level 5 in Spellcasting
   490 | D        | Reached XP level 3. HP: 2/19 MP: 1/11
   798 | D        | Learned a level 3 spell: Conjure Flame
   802 | D        | Learned a level 3 spell: Inner Flame
   803 | D        | Noticed a water elemental
   806 | D        | Killed a water elemental
   807 | D        | Reached skill level 6 in Spellcasting
   807 | D        | Reached XP level 4. HP: 24/24 MP: 7/14
   860 | D        | Found a radiant altar of Vehumet.
   860 | D        | Found a shimmering blue altar of Sif Muna.
   860 | D        | Found an ancient bone altar of Kikubaaqudgha.
   860 | D        | Noticed a wizard
   861 | D        | Killed a wizard
   862 | D        | Reached skill level 7 in Spellcasting
   865 | D        | Reached XP level 5. HP: 26/28 MP: 6/17
   884 | D        | Became a worshipper of Vehumet
   892 | D        | Learned a level 4 spell: Flame Wave
   944 | D        | Found a shadowy altar of Dithmenos.
   948 | D        | Reached skill level 5 in Dodging
   948 | D        | Reached skill level 9 in Spellcasting
   949 | D        | Found a basalt altar of Yredelemnul.
   949 | D        | Found a sacrificial altar of Ru.
  1083 | D        | Found a glowing silver altar of Zin.
  1083 | D        | Found a glowing golden altar of the Shining One.
  1083 | D        | Found a white marble altar of Elyvilon.
  1083 | D        | Noticed a deep elf pyromancer
  1086 | D        | Killed a deep elf pyromancer
  1086 | D        | Reached * piety under Vehumet
  1086 | D        | Offered knowledge of Magic Dart by Vehumet.
  1087 | D        | Reached skill level 12 in Spellcasting
  1087 | D        | Reached skill level 5 in Conjurations
  1087 | D        | Reached XP level 6. HP: 32/32 MP: 13/23
  1087 | D        | Reached XP level 7. HP: 36/36 MP: 13/24
  1150 | D        | Found a hide-covered altar of Uskayaw.
  1150 | D        | Found an iron altar of Okawaru.
  1150 | D        | Found a bloodstained altar of Trog.
  1150 | D        | Found an ornate altar of the Wu Jian Council.
  1150 | D        | Noticed a human
  1150 | D        | Noticed a human
  1154 | D        | Killed a human
  1155 | D        | Reached skill level 13 in Spellcasting
  1158 | D        | Killed a human
  1410 | D        | Noticed a shadow
  1413 | D        | Killed a shadow
  1413 | D        | Reached ** piety under Vehumet
  1413 | D        | Offered knowledge of Shock by Vehumet.
  1414 | D        | Reached skill level 14 in Spellcasting
  1414 | D        | Reached XP level 8. HP: 41/41 MP: 21/28
  1456 | D        | Found a blossoming altar of Fedhas.
  1456 | D        | Found a stormy altar of Qazlal.
  1456 | D        | Found a snail-covered altar of Cheibriados.
  1456 | D        | Found a burning altar of Makhleb.
  1456 | D        | Found a shimmering altar of Xom.
  1457 | D        | Found a hazy altar of Hepliaklqana.
  1457 | D        | Found an opulent altar of Gozag.
  1457 | D        | Found a sparkling altar of Nemelex Xobeh.
  1457 | D        | Found a corrupted altar of Lugonu.
  1457 | D        | Found a viscous altar of Jiyva.
  1682 | D        | Noticed Josephine
  1689 | D        | Killed Josephine
  1689 | D        | Offered knowledge of Mephitic Cloud by Vehumet.
  1690 | D        | Reached skill level 16 in Spellcasting
  1760 | D        | Noticed an orc sorcerer
  1760 | D        | Noticed an orc knight
  1762 | D        | Reached *** piety under Vehumet
  1763 | D        | Shot with a bolt by an orc knight

Illustrated notes

Levels and vault maps discovered:
D:        dungeon_sprint_mu [sprint_mu_entry_cave, sprint_mu_temple_rooms,
          sprint_mu_d1_horrors, sprint_mu_d2_genie, sprint_mu_d3_branching,
          sprint_mu_orc_legion, sprint_mu_elf_gauntlet, sprint_mu_hive_nellie,
          sprint_mu_lair_fedhas, sprint_mu_vaults_butterflies,
          sprint_mu_slime_circle, sprint_mu_shoals_archi,
          sprint_mu_snake_twists, sprint_mu_blade_basic, sprint_mu_crypt_lich,
          sprint_mu_tomb_spiral, sprint_mu_vestibule_basic,
          sprint_mu_gehenna_hellfire, sprint_mu_dis_giant,
          sprint_mu_tartarus_statrot, sprint_mu_cocytus_islands, sprint_mu_zot1]

Skill      XL: |  1  2  3  4  5  6  7  8 |
---------------+-------------------------+-----
Fire Magic     | 5 7 11 12 14 | 14.3
Dodging        | 3 4 6 7 |  7.2
Stealth        | 3 4 |  4.8
Spellcasting   | 4 5 6 7 12 14 16 | 16.0
Conjurations   | 2 3 5 6 |  6.9
Fighting       | |  0.6

Action                   |  1- 3 |  4- 6 |  7- 9 || total
-------------------------+-------+-------+-------++-------
 Cast: Foxfire           |    25 |       |     1 ||    26
       Scorch            |     6 |     8 |     6 ||    20
       Flame Wave        |       |     1 |    13 ||    14
  Use: Potion            |     2 |       |       ||     2
Dodge: Dodged            |    13 |     3 |     5 ||    21

Table legend: (Time is in decaauts)
 A = Elapsed time spent in this place.
 B = Non-inter-level travel time spent in this place.
 C = Inter-level travel time spent in this place.
 D = Time resting spent in this place.
 E = Time spent auto-exploring this place.
 F = Levels seen in this place.
 G = Mean time per level.
                   A        B        C        D        E       F      G
               +--------+--------+--------+--------+--------+-----+--------+
         Total |   1763 |   1763 |      0 |   1072 |    398 |   1 | 1763.0 |
       Dungeon |   1763 |   1763 |      0 |   1072 |    398 |   1 | 1763.0 |
               +--------+--------+--------+--------+--------+-----+--------+

Top non-repeatable levels by time:
       D: 1763 daAuts
